 Dungeon Crawl Stone Soup version 0.27.1-37-g7b29ead8ac (console) character file.

Game seed: 837980906771605247

551 grimtooth the Skirmisher (level 7, 0/111 HPs)
             Began as an Ogre Berserker on Sept 18, 2023.
             Was a Priest of Trog.
             Killed by divine providence
             ... invoked by an orc priest
              (16 damage)
             ... on level 6 of the Dungeon.
             The game lasted 00:17:09 (6660 turns).

grimtooth the Skirmisher (Ogre Berserker)           Turns: 6660, Time: 00:17:10

Health: 0/111      AC:  3    Str: 23    XL:     7   Next: 29%
Magic:  7/7        EV: 12    Int:  8    God:    Trog [***...]
Gold:   143        SH:  0    Dex: 15    Spells: 6/6 levels left

rFire    . . .     SeeInvis .   a - +0 war axe
rCold    . . .     Faith    +   (no shield)
rNeg     . . .     Spirit   .   b - +0 animal skin
rPois    .         Reflect  .   (helmet restricted)
rElec    .         Harm     .   (no cloak)
rCorr    .         Rampage  .   (gloves unavailable)
Will     .....                  (boots unavailable)
Stlth    ..........             s - amulet of faith
HPRegen  0.28/turn              q - +6 ring of dexterity
MPRegen  0.10/turn              (no ring)

@: berserking, very quick
A: large, unfitting armour, tough skin 1
a: Renounce Religion, Berserk, Trog's Hand


You were on level 6 of the Dungeon.
You worshipped Trog.
Trog was most pleased with you.
You visited 1 branch of the dungeon, and saw 6 of its levels.

You collected 143 gold pieces.

Inventory:

Hand Weapons
 a - a +0 war axe (weapon)
Missiles
 g - 4 large rocks
 j - 73 stones
 n - 4 poisoned darts (quivered)
 o - 8 boomerangs
 w - 2 throwing nets {=f}
Armour
 b - a +0 animal skin (worn)
Jewellery
 q - a +6 ring of dexterity (left hand)
 s - an amulet of faith (around neck)
Wands
 r - a wand of polymorph (12)
Scrolls
 d - a scroll of teleportation {unknown}
 h - a scroll of fog {unknown}
 i - a scroll of summoning {unknown}
 t - a scroll of silence {unknown}
 v - a scroll of blinking {unknown}
Potions
 c - a potion of haste
 e - a potion of heal wounds
 k - 2 potions of might {unknown}
 m - a potion of attraction
 p - a potion of degeneration {unknown}
 u - a potion of curing {unknown}


   Skills:
 + Level 5.9 Fighting
 * Level 5.6 Axes
 + Level 5.0 Dodging


You had 6 spell levels left.
You didn't know any spells.
Your spell library was empty.

Dungeon Overview and Level Annotations

Branches:
Dungeon (6/15)
 Temple: D:4-7

Altars:
Dithmenos
Xom


Innate Abilities, Weirdness & Mutations

You are too large for most types of armour.
You have tough skin. (AC +1)


Message History

The orc warrior hits you with a +0 hand axe!
The orc priest misses you.
You barely miss the orc warrior. You slash the orc priest!
You slash the ufetubus!
You kill the ufetubus!
Trog accepts your kill.
A howler monkey skeleton comes into view.
The orc priest misses you.
The orc priest calls upon Beogh to heal the orc priest.
The orc priest is healed somewhat.
You hit the orc warrior but do no damage.
You slash the orc priest!
You kill the orc priest!
Trog accepts your kill.
The orc warrior hits you with a +0 hand axe!
You slash the orc warrior!
The orc warrior is moderately wounded.
You barely miss the orc priest.
The orc priest calls upon Beogh to heal the orc warrior.
The orc warrior is healed somewhat.
The orc priest barely misses you.
The orc warrior hits you with a +0 hand axe!
* * * LOW HITPOINT WARNING * * *
You closely miss the orc warrior.
The orc warrior is lightly wounded.
You closely miss the orc priest.
The orc priest casts a cantrip, but nothing happens.
The orc priest hits you with a +0 short sword.
* * * LOW HITPOINT WARNING * * *
You barely miss the orc warrior.
The orc warrior is lightly wounded.
You slash the orc priest!
You kill the orc priest!
Trog accepts your kill.
You hit the orc.
The orc warrior hits you with a +0 hand axe!
* * * LOW HITPOINT WARNING * * *
The orc closely misses you.
The orc priest calls down the wrath of Beogh upon you.
Beogh smites you!
You die...

### ###### #.### .....#
#.#.##### #### .###.#
##...ooo.##..... .# #.#
#....@)......... .###.###
#....###.##.###. .......#
#....# #.#
.......#####.Z..###.#
.......#...........o.......
.<.....#.#.#.#.....o.#.....
.......#.#.#.#..###o.# #...
...........#.#..# ...# #.
..######.#.#.#... ...# #.#
#.#.#.#.[##...# #..
#.#.#.........#


You could see an orc warrior, an orc priest, an orc and a howler monkey
skeleton.

Vanquished Creatures
  An ogre (D:5)
  A scorpion (D:6)
  A hound (D:5)
  3 orc priests
  A bullfrog skeleton (D:5)
  2 orc wizards (D:5)
  A hound skeleton (D:5)
  6 gnolls
  A howler monkey skeleton (D:5)
  6 adders
  2 ufetubi
  An adder skeleton (D:4)
  2 dart slugs
  8 orcs (D:5)
  4 endoplasms
  2 giant cockroaches (D:2)
  8 goblins
  11 hobgoblins
  10 jackals
  5 quokkas
  8 ball pythons
  5 bats
  4 frilled lizards
  4 kobolds
  4 rats
101 creatures vanquished.

Vanquished Creatures (others)
  An adder (D:3)
  A bat (D:3)
  A goblin (D:3)
  A hobgoblin (D:3)
  2 kobolds (D:3)
  A ball python (D:3)
  2 rats (D:3)
  4 fungi (D:2)
  7 plants (D:2)
20 creatures vanquished.

Grand Total: 121 creatures vanquished

Notes
Turn   | Place    | Note
-------+----------+-------------------------------------------
     0 | D:1      | grimtooth the Ogre Berserker began the quest for the Orb.
     0 | D:1      | Reached XP level 1. HP: 24/24 MP: 1/1
   177 | D:1      | Reached XP level 2. HP: 27/32 MP: 2/2
   811 | D:1      | Reached XP level 3. HP: 22/40 MP: 3/3
  1322 | D:2      | Found a faded altar of an unknown god.
  1512 | D:2      | Reached ** piety under Trog
  1691 | D:2      | Reached XP level 4. HP: 34/49 MP: 4/4
  3113 | D:3      | Reached XP level 5. HP: 31/49 MP: 5/5
  3407 | D:3      | Found a shimmering altar of Xom.
  3763 | D:4      | Found a shadowy altar of Dithmenos.
  4729 | D:5      | Entered Level 5 of the Dungeon
  4933 | D:5      | Noticed an ogre
  4961 | D:4      | Reached skill level 5 in Fighting
  5403 | D:5      | Killed an ogre
  5404 | D:5      | Reached XP level 6. HP: 66/66 MP: 6/6
  5655 | D:5      | Reached skill level 5 in Axes
  6062 | D:5      | Reached *** piety under Trog
  6100 | D:5      | Reached XP level 7. HP: 38/74 MP: 7/7
  6466 | D:6      | Reached skill level 5 in Dodging
  6660 | D:6      | Killed from afar by an orc priest

Illustrated notes

Levels and vault maps discovered:
D:1:      saegor_arrival_simple_d, layout_rooms
D:2:      layout_loops_ring, shapermc_ecumenical_altar_mp_ritualfount
D:3:      layout_loops_ring, xom_confusion_cloud
D:4:      layout_basic, mainiacjoe_overflow_cross_hatched
D:5:      layout_loops_cross
D:6:      layout_basic, kennysheep_little_box,
          chequers_temple_overflow_minitemple

Skill      XL: |  1  2  3  4  5  6  7 |
---------------+----------------------+-----
Dodging        | 3 4 5 |  5.0
Axes           | 4 5 |  5.6
Fighting       | 5 |  5.9

Action                   |  1- 3 |  4- 6 |  7- 9 || total
-------------------------+-------+-------+-------++-------
Melee: Hand axe          |   121 |   238 |    20 ||   379
       War axe           |       |       |    17 ||    17
Throw: Large rock        |     1 |       |       ||     1
       Stone             |       |    39 |       ||    39
       Dart              |       |     4 |     2 ||     6
Invok: Berserk           |     1 |     2 |     1 ||     4
       Trog's Hand       |       |     2 |       ||     2
  Use: Scroll            |       |       |     4 ||     4
       Potion            |       |       |     1 ||     1
 Stab: Sleeping          |       |     1 |       ||     1
Armor: Animal skin       |    39 |    41 |     8 ||    88
Dodge: Dodged            |    85 |   124 |    28 ||   237
